 Dungeon Crawl Stone Soup version 0.31-a0-1327-g8c40ea976f (webtiles) character file.

Game seed: 13883450335764736109

1068 Conn the Sneak (level 8, -4/46 HPs)
             Began as an Octopode Fire Elementalist on Dec 21, 2023.
             Killed from afar by a steam dragon (25 damage)
             ... with a ball of steam
             ... on level 7 of the Dungeon.
             The game lasted 00:08:35 (4627 turns).

Conn the Sneak (Octopode Fire Elementalist)         Turns: 4627, Time: 00:08:36

Health: -4/46      AC:  1    Str:  7    XL:     8   Next: 28%
Magic:  2/13       EV: 14    Int: 19    God:
Gold:   183        SH:  0    Dex: 13    Spells: 1/14 levels left

rFire   . . .        k - +1 dagger (venom)
rCold   . . .        (no shield)
rNeg    + . .        (helmet restricted)
rPois   .            l - amulet of the acrobat
rElec   .            e - ring of positive energy
rCorr   .            (no ring)
SInv    .            (no ring)
Will    .....        (no ring)
Stlth   ++++         (no ring)
HPRegen 0.27/turn    (no ring)
MPRegen 0.13/turn    (no ring)
                     (no ring)

%: acrobat
@: very slightly contaminated
A: almost no armour, amphibious, 8 rings, camouflage 1, gelatinous body 1,
(nimble swimmer 1), tentacles
a: no special abilities


You were on level 7 of the Dungeon.
You visited 1 branch of the dungeon, and saw 7 of its levels.
You also visited: Sewer.

You collected 183 gold pieces.

Inventory:

Hand Weapons
 b - a +0 dagger
 k - a +1 dagger of venom (weapon)
Jewellery
 e - a ring of positive energy (left tentacle)
 l - an amulet of the acrobat (around mantle)
Scrolls
 f - a scroll of immolation
 h - a scroll of poison
 i - a scroll of noise
 m - 3 scrolls of fear
 o - a scroll of blinking
 p - a scroll of teleportation
Potions
 a - 2 potions of magic
 d - a potion of lignification {unknown}
 g - a potion of heal wounds {unknown}
 j - 2 potions of might {unknown}
 n - 2 potions of curing {unknown}
 q - a potion of mutation {unknown}
 r - a potion of haste {unknown}


   Skills:
 + Level 4.0 Dodging
 + Level 5.9 Stealth
 + Level 3.7 Spellcasting
 * Level 4.8 Conjurations
 + Level 2.9 Hexes
 + Level 4.6 Fire Magic
 + Level 0.6 Air Magic
 + Level 0.7 Alchemy


You had one spell level left.
You knew the following spells:

 Your Spells              Type           Power      Damage    Failure   Level
a - Foxfire               Conj/Fire      84%        2x1d8     1%          1
b - Scorch                Fire           42%        2d6       3%          2
c - Inner Flame           Hex/Fire       17%        N/A       9%          3
d - Flame Wave            Conj/Fire      21%        2d8       21%         4
e - Mephitic Cloud        Conj/Alch/Air  11%        N/A       19%         3

Your spell library contained the following spells:

 Spells                   Type           Power      Damage    Failure   Level
 Dazzling Flash           Conj/Hex       36%        N/A       9%          3
 Volatile Blastmotes      Fire/Tloc      24%        2d12      16%         3
 Silence                  Hex/Air        5%         N/A       88%         5
 Agony                    Necr           3%         N/A       98%         5


Dungeon Overview and Level Annotations

Branches:
Dungeon (7/15)              Sewer (visited)
 Temple: D:4-7

Altars:

Annotations:
D:4 Sigmund
D:5 Eustachio
D:6 Pikel


Innate Abilities, Weirdness & Mutations

You cannot wear most types of armour.
You are amphibious.
You can wear up to eight rings at the same time.
Your skin changes colour to match your surroundings (Stealth+).
Your rubbery body absorbs attacks. (AC +1, EV +1)
((You are camouflaged when in or above water. (Stealth+)))
You have tentacles for arms and can constrict up to eight enemies at once.


Message History

The foxfire hits the steam dragon.
The steam dragon is lightly wounded.
The foxfire hits the steam dragon but does no damage.
The steam dragon is lightly wounded.
Press: ? - help, v - describe, . - travel A closed door.
Unknown command.
Casting: Foxfire (safe; 1% risk of failure)
Confirm with . or Enter, or press ? or * to list all spells.
Flames lash the steam dragon.
The steam dragon is lightly wounded.
The steam dragon's fire resistance burns away.
Unknown command.
Casting: Scorch (safe; 3% risk of failure)
Confirm with . or Enter, or press ? or * to list all spells.
Flames lash the steam dragon.
The steam dragon is burned terribly!
The steam dragon is heavily wounded.
The steam dragon breathes steam at you. The ball of steam hits you!!
Casting: Scorch (safe; 3% risk of failure)
Confirm with . or Enter, or press ? or * to list all spells.
Casting: Flame Wave (quite dangerous; 21% risk of failure)
Press: ? - help, Dir - look around, f - activate You miscast Flame Wave.
You are very lightly contaminated with residual magic.
Nothing appears to happen.
The steam dragon bites you. The steam dragon claws you.
Unknown command.
Casting: Flame Wave (quite dangerous; 21% risk of failure)
Confirm with . or Enter, or press ? or * to list all spells.
Okay, then.
Unknown command.
Casting: Flame Wave (quite dangerous; 21% risk of failure)
Confirm with . or Enter, or press ? or * to list all spells.
Flames lash the steam dragon.
The steam dragon is burned terribly!
The steam dragon is almost dead.
The steam dragon breathes steam at you. The ball of steam hits you!!
Ouch! That really hurt!
You die...

,,**,,,,,,,,,,,,**************,*,
*,*****,**##,*#.*.#,.,,,,,,,,,,**
****,,,,,,,..,..,...,.?.********
,,,*,***####.##.#.#.,...+,,,,*
,,,*,,,,...........,....****,****
*,,*,,,,........#.#.....* *,**,,
,~,+,*,,*.........#.....* *,**,*
*,,*,*,,###.........#...****,**,*
,,,*,*,,.$.....D@.......+,**,,,,*
,,,*,*,,....##§..####...*<****,,*
****,**,........§+,,,,***,,,,,,,*
*,*,***,#........#*,,,,,,,,***,**
,,*,***,#.....####*,,,,,,,,* *,*
,,,,,,,,../...**,,,,,,,,,,,* *,*
,,,*****#....,**,,,,,,,,,,** *,*
,,,*****#....,**,,,,,,,**,****,*
,,,,,,,*#...,,,,,,,,,,,**,*,,,,*


You could see a steam dragon (catching breath, combustible).

Vanquished Creatures
  Prince Ribbit (D:5)
  Pargi (Sewer)
  A phantom (D:6)
  A brain worm (Sewer)
  3 scorpions
  A howler monkey (D:4)
  A jelly (D:4)
  3 orc priests
  A sleepcap (D:5)
  Natasha (thrice) (D:2)
  3 orc wizards
  A gnoll (D:6)
  3 adders
  2 shadow imps
  A white imp (D:6)
  A worm (D:3)
  2 dart slugs (D:1)
  6 orcs
  8 ball pythons
  7 bats
  6 endoplasms
  6 giant cockroaches
  8 goblins
  5 hobgoblins
  3 kobolds
  2 quokkas
  7 frilled lizards
  9 rats
96 creatures vanquished.

Vanquished Creatures (others)
  250 foxfires
250 creatures vanquished.

Grand Total: 346 creatures vanquished

Notes
Turn   | Place    | Note
-------+----------+-------------------------------------------
     0 | D:1      | Conn the Octopode Fire Elementalist began the quest for the
                  | Orb.
     0 | D:1      | Reached XP level 1. HP: 11/11 MP: 3/3
   324 | D:1      | Reached XP level 2. HP: 17/17 MP: 1/5
   389 | D:1      | Reached skill level 3 in Stealth
   860 | D:1      | Reached XP level 3. HP: 21/21 MP: 2/6
   863 | D:1      | Learned a level 2 spell: Scorch
   867 | D:1      | Learned a level 3 spell: Inner Flame
  1288 | D:2      | Noticed Natasha
  1295 | D:2      | Killed Natasha
  1350 | D:2      | Reached XP level 4. HP: 27/27 MP: 7/7
  1396 | D:2      | Noticed Natasha
  1398 | D:2      | Killed Natasha
  1634 | D:2      | Noticed Natasha
  1638 | D:2      | Killed Natasha
  2038 | D:2      | Reached XP level 5. HP: 31/31 MP: 5/8
  2530 | D:3      | Reached skill level 4 in Stealth
  2530 | D:3      | Reached skill level 1 in Hexes
  3173 | D:4      | Noticed Sigmund
  3178 | D:5      | Entered Level 5 of the Dungeon
  3178 | D:5      | Noticed Prince Ribbit
  3182 | D:5      | Killed Prince Ribbit
  3183 | D:5      | Reached XP level 6. HP: 36/36 MP: 3/10
  3183 | D:5      | Noticed Eustachio
  3252 | D:5      | Reached XP level 7. HP: 32/41 MP: 6/11
  3272 | D:5      | Reached skill level 5 in Stealth
  3325 | D:4      | Found a glowing drain.
  3336 | Sewer    | Entered a sewer
  3475 | Sewer    | Noticed Pargi
  3500 | Sewer    | Killed Pargi
  4178 | D:4      | Reached XP level 8. HP: 35/46 MP: 8/13
  4266 | D:4      | You fall into a shaft and drop 2 floors!
  4307 | D:6      | Learned a level 4 spell: Flame Wave
  4311 | D:6      | Learned a level 3 spell: Mephitic Cloud
  4496 | D:6      | Noticed Pikel
  4627 | D:7      | Killed from afar by a steam dragon

Illustrated notes

Levels and vault maps discovered:
D:1:      minmay_arrival_jagged, layout_loops_corners
D:2:      layout_loops_corners, kennysheep_nondescript, uniq_natasha
D:3:      layout_loops_ring
D:4:      layout_basic, minmay_temple_entry_tees, portal_sewer_entry_c,
          uniq_sigmund, uniq_blork_the_orc
D:5:      layout_rooms, uniq_ijyb, uniq_eustachio, uniq_crazy_yiuf_cottage,
          uniq_prince_ribbit1
D:6:      layout_loops_cross, mainiacjoe_overflow_cross_hatched,
          minmay_misc_feat_secret_circle, hex_tiny, uniq_pikel
D:7:      layout_basic, hellmonk_okawaru_the_only_friend_you_need,
          small_statue_intersection, kennysheep_generic_room_10

Skill      XL: |  1  2  3  4  5  6  7  8 |
---------------+-------------------------+-----
Stealth        | 3 4 5 |  5.9
Conjurations   | 2 3 4 |  4.8
Hexes          | 1 2 |  2.9
Dodging        | 3 4 |  4.0
Spellcasting   | 3 |  3.7
Fire Magic     | 4 |  4.6
Air Magic      | |  0.6
Alchemy        | |  0.7

Action                     |  1- 3 |  4- 6 |  7- 9 || total
---------------------------+-------+-------+-------++-------
  Melee: Dagger            |     8 |    26 |    27 ||    61
         Constrict         |     2 |     6 |    10 ||    18
         Tentacles         |     2 |     7 |     6 ||    15
         Punch             |       |       |     1 ||     1
   Cast: Foxfire           |    43 |    37 |    66 ||   146
         Scorch            |       |     8 |    21 ||    29
         Inner Flame       |       |     1 |     3 ||     4
    Use: Scroll            |       |       |     8 ||     8
   Stab: Sleeping          |     3 |     9 |     1 ||    13
         Distracted        |       |       |     1 ||     1
 Armour: Skin              |     3 |    14 |    19 ||    36
  Dodge: Dodged            |     1 |    18 |    21 ||    40

Table legend: (Time is in decaauts)
 A = Elapsed time spent in this place.
 B = Non-inter-level travel time spent in this place.
 C = Inter-level travel time spent in this place.
 D = Time resting spent in this place.
 E = Time spent auto-exploring this place.
 F = Levels seen in this place.
 G = Mean time per level.
                   A        B        C        D        E       F      G
               +--------+--------+--------+--------+--------+-----+--------+
         Total |   4625 |   4566 |     59 |    322 |   3296 |   8 |  578.1 |
       Dungeon |   4177 |   4118 |     59 |    322 |   2955 |   7 |  596.7 |
         Sewer |    447 |    447 |      0 |      0 |    341 |   1 |  447.0 |
               +--------+--------+--------+--------+--------+-----+--------+

Top non-repeatable levels by time:
     D:1: 1168 daAuts
     D:2: 1119 daAuts
     D:3: 887 daAuts
     D:4: 506 daAuts
   Sewer: 447 daAuts
     D:6: 217 daAuts
     D:7: 143 daAuts
     D:5: 135 daAuts
